cohdb
Replays
Latest Replays
All Replays
Popular Replays
Top Player Replays
Match Explorer
How It Works
Community
CoH3 Stats
Reddit
Sign in to upload your games and track your stats! →
Sign in with Steam
Match 42068728
Unlisted
Match 42068728
Overview
Messages
Build Orders
End
Royal Engineer Section
Construct Section Command Post
Infantry Section
Infantry Section
Infantry Section
Construct Platoon Command Post
Humber Armored Car
Construct Field Infirmary
Selects Canadian Shock Battlegroup
Selects Attacking Spirit
Selects Canadian Shock Section
6-pounder Anti-tank Gun Team
Selects Incendiary Munitions
Grenade Package
Selects Pyrotechnics
Infantry Training
Canadian Shock Section
6-pounder Anti-tank Gun Team
Humber Armored Car
Selects Churchill Crocodile Heavy Tank
Churchill Crocodile Heavy Tank
Churchill Crocodile Heavy Tank
6-pounder Anti-tank Gun Team
HulkSMASH
Reakly
0
0
Comments
sign in to comment!
No comments posted yet!